Map: Lost and Found LE

Players

SortOf - Winner!

  • Race: Zerg Zerg
  • Spawn Location: 7:00

Retjah (Ret)

  • Race: Zerg Zerg
  • Spawn Location: 1:00

Event: WCS Valencia 2018

VOD

Have the link to the VOD?

Description

Time

  • Played on: July 12, 2018, 6:33 a.m.
  • Length: 9:09

All games in this series

Show
View Real Time Build Order
Export as new Build Order

SortOf Zerg - Winner!

Build Orders: Hatch First 

Get SALT Encoding   

  12  0:00  Drone  
  13  0:12  Overlord  
  13  0:17  Drone  
  14  0:31  Drone x2  
  16  0:47  Hatchery  
  15  0:51  Drone  
  15  0:54  Drone  
  17  0:58  Drone  
  18  1:09  Extractor  
  17  1:15  Spawning Pool  
  16  1:19  Drone  
  16  1:21  Drone  
  18  1:28  Drone  
  19  1:38  Drone  
  20  1:49  Overlord  
  20  2:02  Queen x2  
  20  2:03  Zergling x4  
  26  2:11  Drone x2  
  26  2:13  Metabolic Boost  
  28  2:21  Drone x2  
  30  2:31  Drone  
  30  2:36  Hatchery  
  30  2:43  Drone  
  31  2:44  Drone  
  31  2:47  Overlord  
  32  2:53  Drone  
  32  2:58  Baneling Nest  
  32  2:59  Drone  
  32  3:04  Zergling x2  
  32  3:05  Zergling x2  
  34  3:06  Queen  
  36  3:14  Drone x3  
  36  3:18  Overlord  
  39  3:21  Drone  
  39  3:22  Drone  
  39  3:23  Drone  
  42  3:33  Overlord  
  42  3:34  Zergling x2  
  42  3:37  Queen  
  45  3:42  Baneling x3  
  45  3:44  Zergling x6  
  48  3:50  Zergling x6  
  51  4:06  Overlord  
  51  4:09  Baneling x3, Drone x4  
  53  4:17  Drone x5  
  53  4:20  Extractor  
  53  4:23  Drone  
  58  4:24  Roach Warren, Evolution Chamber  
  56  4:38  Overlord  
  56  4:39  Overlord, Drone  
  56  4:40  Drone x4  
  56  4:42  Extractor  
  60  4:51  Drone x2  
  60  4:52  Drone  
  62  4:53  Zerg Missile Weapons Level 1  
  62  4:55  Drone  
  62  4:56  Drone  
  64  5:00  Drone x2  
  65  5:11  Zergling x2, Drone x2  
  65  5:13  Drone  
  67  5:17  Drone  
  67  5:18  Drone  
  67  5:26  Lair  
  67  5:27  Roach x3  
  73  5:30  Drone x3  
  73  5:31  Zergling x2  
  73  5:34  Drone  
  73  5:35  Drone x2  
  80  5:37  Extractor  
  80  5:38  Roach x2  
  80  5:42  Roach  
  84  5:46  Roach x2  
  84  5:49  Hatchery, Pneumatized Carapace  
  86  5:50  Extractor  
  86  5:52  Drone x4  
  88  6:00  Overlord  
  88  6:02  Overlord  
  88  6:03  Drone x2  
  90  6:05  Extractor  
  90  6:08  Baneling  
  89  6:20  Drone x2  
  89  6:23  Drone  
  89  6:24  Roach  
  89  6:25  Roach x6  
  106  6:26  Overlord  
  106  6:27  Glial Reconstitution  
  106  6:33  Evolution Chamber  
  106  6:35  Overlord  
  105  6:41  Overlord  
  105  6:45  Drone x6  
  103  6:51  Zerg Missile Weapons Level 2  
  103  6:53  Overseer  
  103  6:55  Roach x8  
  119  7:02  Roach x3  
  125  7:11  Drone  
  125  7:12  Roach  
  125  7:13  Overlord x3, Roach x4  
  136  7:17  Overseer  
  136  7:20  Overlord  
  136  7:24  Overlord  
  136  7:30  Overlord  
  136  7:31  Overlord  
  136  7:33  Drone x6  
  136  7:35  Ravager x5  
  136  7:36  Ravager x2  
  149  7:45  Roach x6  
  159  7:56  Roach x7  
  168  8:06  Roach x6  
  174  8:14  Roach x6  
  174  8:15  Overlord  
  177  8:27  Roach x8  
  171  8:34  Roach x3  
  171  8:35  Roach x2  
  164  8:46  Roach x5  
  145  9:01  Extractor  
Show
View Real Time Build Order
Export as new Build Order

Retjah Zerg 

Build Orders: Hatch First 

Get SALT Encoding   

  12  0:00  Drone  
  13  0:12  Overlord  
  13  0:17  Drone  
  14  0:30  Drone x2  
  16  0:35  Drone  
  17  0:52  Hatchery  
  17  0:54  Drone  
  17  0:57  Drone  
  18  1:08  Extractor  
  17  1:12  Spawning Pool  
  17  1:14  Drone  
  17  1:18  Drone  
  18  1:28  Drone  
  19  1:47  Drone  
  19  1:50  Overlord  
  20  1:58  Queen  
  22  2:03  Queen  
  22  2:04  Drone x2  
  22  2:07  Metabolic Boost  
  26  2:13  Drone  
  27  2:16  Drone  
  28  2:28  Hatchery  
  27  2:30  Zergling x2  
  27  2:32  Zergling x2  
  29  2:37  Drone x2  
  31  2:45  Baneling Nest  
  31  2:47  Drone  
  31  2:49  Overlord  
  30  3:09  Zergling x14  
  37  3:13  Drone x3  
  40  3:20  Queen  
  40  3:25  Overlord  
  42  3:32  Baneling x3  
  42  3:34  Overlord  
  42  3:36  Zergling x2  
  43  3:42  Overlord  
  43  3:46  Drone  
  44  3:48  Drone x4  
  44  3:54  Drone x2  
  44  3:55  Drone  
  51  3:57  Overlord  
  51  4:03  Overlord  
  49  4:11  Overlord x2  
  49  4:13  Extractor  
  49  4:14  Extractor  
  49  4:17  Baneling x2  
  47  4:18  Evolution Chamber  
  47  4:19  Drone x2  
  47  4:20  Drone  
  47  4:22  Drone  
  50  4:26  Drone x2  
  50  4:28  Drone  
  53  4:32  Drone x2  
  55  4:39  Drone x4  
  55  4:45  Zerg Missile Weapons Level 1  
  59  4:51  Lair  
  58  5:00  Drone x9  
  66  5:09  Overlord  
  66  5:12  Drone x2  
  66  5:13  Drone  
  69  5:14  Roach Warren  
  69  5:16  Drone  
  69  5:18  Drone x2  
  70  5:25  Overlord  
  69  5:29  Drone x4  
  69  5:32  Extractor  
  69  5:33  Extractor, Drone x4  
  75  5:35  Zergling x2  
  75  5:53  Glial Reconstitution  
  75  5:55  Roach x6  
  75  5:56  Hatchery  
  86  5:59  Roach x4  
  94  6:05  Roach x4  
  94  6:09  Roach  
  104  6:15  Overlord x4  
  104  6:18  Baneling x2  
  104  6:21  Overlord  
  104  6:22  Overlord  
  104  6:43  Roach x4  
  104  6:44  Roach x8  
  126  6:51  Roach  
  126  6:53  Roach x2  
  130  6:59  Ravager x4  
  130  7:00  Ravager  
  135  7:01  Overlord  
  135  7:02  Overlord x2  
  135  7:03  Roach  
  135  7:07  Roach x2  
  145  7:15  Roach x2  
  145  7:21  Roach x4  
  145  7:22  Roach x3  
  159  7:28  Roach x3  
  165  7:37  Roach x2  
  165  7:41  Unknown  
  165  7:42  Roach x3  
  183  7:51  Roach x4  
  181  7:58  Overlord  
  181  8:04  Roach x3  
  183  8:09  Roach x3  
  179  8:16  Roach x3  
  179  8:20  Roach x6  
  177  8:27  Roach x6  
  183  8:34  Roach x2  
  183  8:39  Roach  
  179  8:42  Roach x2  
  179  8:46  Roach  
Tags
 
Add a new tag
Caveats
  • Supply blocks, unpowered buildings, or Contaminate may cause inaccurate times.
  • Supply counts are checked every 10 seconds.